 Dungeon Crawl Stone Soup version 0.22-a0-799-g88f5e907b7 (webtiles) character file.

308 Htamos the Chopper (level 6, -2/53 HPs)
             Began as a Hill Orc Abyssal Knight on July 21, 2018.
             Was a Believer of Lugonu.
             Slain by a slave (5 damage)
             ... led by Pikel
             ... on level 3 of the Dungeon.
             The game lasted 00:12:42 (4896 turns).

Htamos the Chopper (Hill Orc Abyssal Knight)        Turns: 4896, Time: 00:12:42

Health: -2/53      AC: 13    Str: 13 (15) XL:     6   Next: 40%
Magic:  10/10      EV:  6    Int: 10      God:    Lugonu [**....]
Gold:   243        SH:  0    Dex: 12      Spells: 5/5 levels left

rFire    + . .     SeeInvis .   a - +1 hand axe
rCold    . . .     Gourm    .   (no shield)
rNeg     + . .     Faith    .   s - +0 chain mail
rPois    .         Spirit   .   u - +2 hat
rElec    .         Reflect  .   (no cloak)
rCorr    .         Harm     .   (no gloves)
MR       .....                  (no boots)
Stlth    ..........             (no amulet)
HPRegen  0.17/turn              m - ring of positive energy
MPRegen  0.12/turn              h - -2 ring of intelligence

@: no status effects
A: yellow scales 1, fire resistance 1
a: Depart the Abyss, Bend Space, Renounce Religion


You were on level 3 of the Dungeon.
You worshipped Lugonu.
Lugonu was pleased with you.
You were hungry.

You visited 1 branch of the dungeon, and saw 4 of its levels.
You visited the Abyss 1 time.

You collected 243 gold pieces.

Inventory:

Hand Weapons
 a - a +1 hand axe (weapon)
Armour
 b - a +0 leather armour
 s - a +0 chain mail (worn)
 u - a +2 hat (worn)
Jewellery
 d - an uncursed ring of protection from fire
 h - a -2 ring of intelligence (right hand)
 k - an uncursed ring of teleportation
 m - a ring of positive energy (left hand)
 v - an uncursed ring of fire {unknown}
Scrolls
 g - a scroll of random uselessness
 i - 3 scrolls of teleportation
 j - a scroll of remove curse
 l - a scroll of enchant armour
Potions
 f - a potion of flight
Comestibles
 c - 5 rations


   Skills:
 + Level 4.6 Fighting
 * Level 5.5 Axes
 + Level 3.4 Armour
 - Level 0.7 Dodging
 * Level 5.3 Invocations


You had 5 spell levels left.
You didn't know any spells.
Your spell library was empty.

Dungeon Overview and Level Annotations

Branches:
Dungeon (4/15)
 Temple: D:4-7

Altars:

Annotations:
D:2 Pikel
D:3 2 transporters, strelocc's ghost, amateur FoFi


Innate Abilities, Weirdness & Mutations

You are partially covered in yellow scales. (AC +2)
Your flesh is heat resistant. (rF+)


Message History

The slave is almost dead.
The slave hits you but does no damage.
You closely miss the slave.
The slave is almost dead.
The slave hits you but does no damage.
You hit the slave but do no damage.
The slave is almost dead.
The slave hits you.
* * * LOW HITPOINT WARNING * * *
You barely miss the slave.
The slave is almost dead.
The slave hits you but does no damage.
You hit the slave but do no damage.
The slave is almost dead.
The slave hits you.
* * * LOW HITPOINT WARNING * * *
You hit the slave but do no damage.
The slave is almost dead.
The slave hits you.
You die...

####.#.# #########.#
#####....#.# #.........#
### #.....#..#.#
#.######### ..#
#.###....#.# #.# ..# #.#
##.#.#.# #.# ..# #.#
#.#.#.#####.# .## #.#
#.........).#
.######.######.#.#######
...............#@#
#######.########p# #.#
#.# #######.########.#
.................#
##################


You could see a slave.

Vanquished Creatures
  A slave (D:4)
  A hound (D:4)
  A bullfrog skeleton (D:4)
  An orc priest (D:4)
  An orc wizard (D:4)
  A worker ant (D:4)
  A gnoll (D:4)
  6 adders
  2 worms (D:2)
  6 dart slugs
  6 leopard geckos
  2 orcs (D:4)
  A ball python (D:3)
  2 giant cockroaches (D:2)
  14 goblins
  8 hobgoblins
  5 jackals
  4 kobolds
  2 quokkas
  10 bats
  2 frilled lizards
  A leopard gecko skeleton (D:4)
  8 rats
86 creatures vanquished.

Notes
Turn   | Place    | Note
-------+----------+-------------------------------------------
     0 | Abyss:1  | Htamos the Hill Orc Abyssal Knight began the quest for the Orb.
     0 | Abyss:1  | Reached XP level 1. HP: 19/19 MP: 2/2
    59 | Abyss:1  | Noticed a small abomination
    62 | Abyss:1  | Noticed a rakshasa
    67 | D:1      | Escaped the Abyss
   169 | D:1      | Reached XP level 2. HP: 23/27 MP: 4/4
   275 | D:1      | Reached * piety under Lugonu
   445 | D:1      | Reached XP level 3. HP: 31/33 MP: 5/5
  1413 | D:2      | Reached XP level 4. HP: 39/40 MP: 6/6
  1795 | D:2      | Reached ** piety under Lugonu
  2910 | D:2      | Reached XP level 5. HP: 46/46 MP: 8/8
  3399 | D:3      | Found a transporter.
  3399 | D:3      | Noticed an ogre
  3399 | D:3      | Noticed strelocc's ghost (amateur FoFi)
  3399 | D:3      | Noticed an ogre
  3400 | D:3      | Noticed an ogre
  3405 | D:3      | Found a transporter.
  3766 | D:4      | Noticed Pikel
  3766 | D:4      | Noticed a slave
  3766 | D:4      | Noticed a slave
  3766 | D:4      | Noticed a slave
  3768 | D:4      | Noticed a slave
  3818 | D:3      | Gained mutation: You are partially covered in yellow scales. (AC +2) [potion of mutation]
  3818 | D:3      | Gained mutation: Your flesh is heat resistant. (rF+) [potion of mutation]
  4194 | D:4      | Reached skill level 5 in Axes
  4225 | D:4      | Reached skill level 5 in Invocations
  4225 | D:4      | Reached XP level 6. HP: 6/53 MP: 9/9
  4561 | D:4      | Killed a slave
  4896 | D:3      | Slain by a slave

Vault maps used:
D:1:      matt_arrival_los_fun, minmay_tromino_mix6
D:2:      corexii_leaking_fountain, corexii_item_surrounded_by_moat,
          minmay_guardbox
D:3:      gammafunk_ghost_smash
D:4:      uniq_menkaure, uniq_pikel
Abyss:1:  hangedman_cross_veins

Skill      XL: |  1  2  3  4  5 |
---------------+----------------+-----
Axes           | 3 4 5 |  5.5
Invocations    | 3 4 5 |  5.3
Fighting       | 4 |  4.6
Armour         | 3 |  3.4
Dodging        | |  0.7

Action                   |  1- 3 |  4- 6 || total
-------------------------+-------+-------++-------
Melee: Hand axe          |    99 |   302 ||   401
Invok: Depart the Abyss  |     1 |       ||     1
       Bend Space        |       |     3 ||     3
  Use: Potion            |     1 |     6 ||     7
       Scroll            |       |     8 ||     8
 Stab: Sleeping          |     1 |       ||     1
  Eat: Chunk             |     1 |     8 ||     9
       Ration            |       |     1 ||     1
Armor: Leather armour    |    27 |    18 ||    45
       Chain mail        |       |   159 ||   159
Dodge: Dodged            |    48 |    90 ||   138

Table legend:
 A = Spawn XP
 B = Non-spawn XP
 C = Spawn XP percentage of total XP
 D = Spawn monster count
 E = Non-spawn monster count
 F = Spawn count percentage of total count
 G = Total turns spent on level
                    A         B        C        D         E        F      G
               +---------+---------+-------+---------+---------+-------+---------
         Total |       0 |     441 |   0.0 |       0 |      85 |   0.0 |  4896
               +---------+---------+-------+---------+---------+-------+---------
           D:1 |       0 |      57 |   0.0 |       0 |      28 |   0.0 |  1215
           D:2 |       0 |     110 |   0.0 |       0 |      31 |   0.0 |  1818
           D:3 |       0 |      53 |   0.0 |       0 |      15 |   0.0 |  1064
           D:4 |       0 |     221 |   0.0 |       0 |      11 |   0.0 |   732
               +---------+---------+-------+---------+---------+-------+---------
